 Dungeon Crawl Stone Soup version 0.18.1-50-g88ac8fd (webtiles) character file.

52 KarmaPolice the Stinger (level 3, -1/26 HPs)
             Began as a Draconian Venom Mage on Sept 21, 2016.
             Slain by a hobgoblin (3 damage)
             ... led by Robin
             ... on level 1 of the Dungeon.
             The game lasted 00:06:33 (1709 turns).

KarmaPolice the Stinger (Draconian Venom Mage)      Turns: 1709, Time: 00:06:33

Health: -1/26      AC:  5    Str: 10    XL:     3   Next: 60%
Magic:  1/6        EV:  9    Int: 16    God:
Gold:   60         SH:  0    Dex: 11    Spells: 2 memorised, 3 levels left

rFire  . . .     SeeInvis .     (no weapon)
rCold  . . .     Gourm    .     (armour unavailable)
rNeg   . . .     Faith    .     (no shield)
rPois  .         Spirit   .     (helmet restricted)
rElec  .         Dismiss  .     (no cloak)
rCorr  .         Reflect  .     (no gloves)
SustAt .         Harm     .     (no boots)
MR     .....                    (no amulet)
Stlth  ++........               (no ring)
                                (no ring)

@: constricted, not resistant to hostile enchantments, unstealthy
A: unfitting armour, cold-blooded, AC +5
a: no special abilities


You were on level 1 of the Dungeon.
You were not hungry.

You visited 1 branch of the dungeon, and saw 2 of its levels.

You collected 60 gold pieces.

Inventory:

Jewellery
 g - an uncursed ring of stealth {unknown}
 i - an uncursed amulet of harm {unknown}
Scrolls
 e - 2 scrolls of enchant weapon {unknown}
 f - 2 scrolls of fear {unknown}
Potions
 d - a potion of degeneration {unknown}
 h - 3 potions of curing {unknown}
 k - a potion of cure mutation {unknown}
Books
 a - a Young Poisoner's Handbook

   Spells                             Type                      Level
   a - Sting                          Conjuration/Poison           1
   b - Cure Poison                    Poison                       2
   c - Mephitic Cloud                 Conjuration/Poison/Air       3
   d - Olgreb's Toxic Radiance        Poison                       4
   e - Venom Bolt                     Conjuration/Poison           5
Comestibles
 b - 2 bread rations
 c - 4 chunks of flesh
 j - a slice of pizza


   Skills:
 - Level 1.7 Dodging
 - Level 2.3 Stealth
 + Level 2.5 Spellcasting
 + Level 1.3 Conjurations
 + Level 0.4 Air Magic
 + Level 4.3 Poison Magic


You had 3 spell levels left.
You knew the following spells:

 Your Spells              Type           Power        Failure   Level  Hunger
a - Sting                 Conj/Pois      ##..         10%         1    #......
b - Mephitic Cloud        Conj/Pois/Air  #.......     28%         3    ###....


Dungeon Overview and Level Annotations

Branches:
Dungeon (2/15)

Altars:


Innate Abilities, Weirdness & Mutations

Your plain brown scales are hard (AC +5).
Your body does not fit into most forms of armour.
You are cold-blooded and may be slowed by cold attacks.


Message History

The goblin completely misses you.
The ball python bites you but does no damage.
The ball python constricts you. The giant newt bites you.
Casting: Sting
Confirm with . or Enter, or press ? or * to list all spells.
Aiming: Sting
Press: ? - help, Shift-Dir - straight line, f/p - giant newt
Aim: a giant newt The sting hits the giant newt.
The giant newt is poisoned.
The giant newt is heavily wounded.
You kill the giant newt!
The hobgoblin hits you but does no damage. x2
The goblin hits you with a dagger.
* * * LOW HITPOINT WARNING * * *
The ball python closely misses you. The ball python constricts you.
Your attempt to break free from the ball python fails, but you feel that another attempt might succeed.
The hobgoblin closely misses you. The ball python bites you.
* * * LOW HITPOINT WARNING * * *
The ball python constricts you. The hobgoblin hits you.
You die...

##..........#
####..÷.###.#######
........# #.......#
#####.#.###.#####.#
# #.......# #.#
#######.#)### #.#
..........# #.#
###.#.....#######g#
# #..........[.†@g#
#####.)...######Sg#
.........## #gg#
########## #..# #
##..# # #...# #
#..## ###########
#..# ..........#
#..#


You could see 2 hobgoblins, 3 goblins and a ball python.

Vanquished Creatures
  Robin (D:1)
  6 dart slugs (D:1)
  3 bats (D:1)
  3 giant cockroaches (D:1)
  4 goblins (D:1)
  2 hobgoblins (D:1)
  A jackal (D:1)
  4 kobolds (D:1)
  2 giant newts (D:1)
  4 rats (D:1)
30 creatures vanquished.

Notes
Turn   | Place    | Note
--------------------------------------------------------------
     0 | D:1      | KarmaPolice the Draconian Venom Mage began the quest for the Orb.
     0 | D:1      | Reached XP level 1. HP: 14/14 MP: 3/3
   281 | D:1      | Reached XP level 2. HP: 20/20 MP: 3/5
   364 | D:1      | Reached skill level 1 in Conjurations
   999 | D:1      | Reached XP level 3. HP: 26/26 MP: 2/6
  1050 | D:1      | Learned a level 3 spell: Mephitic Cloud
  1468 | D:2      | Noticed Robin
  1486 | D:1      | Killed Robin
  1709 | D:1      | Slain by a hobgoblin

Skill      XL: |  1  2 |
---------------+-------+-----
Stealth        | 2 |  2.3
Conjurations   | 1 |  1.3
Dodging        | |  1.7
Spellcasting   | |  2.5
Air Magic      | |  0.4
Poison Magic   | |  4.3

Action                   || total
-------------------------++-------
Melee: Unarmed           ||    68
       Tailslap          ||     3
 Cast: Sting             ||    57
 Stab: Sleeping          ||     3
  Eat: Chunk             ||     3
Armor: Skin              ||    52
Dodge: Dodged            ||    89
